 Dungeon Crawl Stone Soup version 0.24-a0-446-g87df7205b4 (webtiles) character file.

Game seed: 9170856972779922888

30919 nikopol the Eclecticist (level 13, -9/64 HPs)
             Began as a Deep Elf Fire Elementalist on June 22, 2019.
             Was a High Priest of Vehumet.
             Mangled by a blink frog (12 damage)
             ... on level 6 of the Lair of Beasts on June 23, 2019.
             The game lasted 00:50:06 (16816 turns).

nikopol the Eclecticist (DEFE)                     Turns: 16816, Time: 00:50:07

Health: -9/64      AC:  6    Str:  5    XL:     13   Next: 23%
Magic:  2/35       EV: 15    Int: 26    God:    Vehumet [*****.]
Gold:   835        SH:  7    Dex: 15    Spells: 21/44 levels left

rFire    + + .     SeeInvis .   I - staff of fire
rCold    x . .     Gourm    .   v - +1 buckler
rNeg     . . .     Faith    .   a - +0 robe
rPois    .         Spirit   .   (no helmet)
rElec    .         Reflect  .   y - +1 cloak {+Inv}
rCorr    .         Harm     .   e - +0 pair of gloves
MR       ++...                  n - +0 pair of boots
Stlth    +++.......             (no amulet)
HPRegen  0.20/turn              U - ring of protection from magic
MPRegen  0.24/turn              C - ring of fire

@: very slightly contaminated
A: no striking features
a: Renounce Religion, Evoke Invisibility


You were on level 6 of the Lair of Beasts.
You worshipped Vehumet.
Vehumet was extremely pleased with you.
You were hungry.

You visited 3 branches of the dungeon, and saw 15 of its levels.
You also visited: Sewer.

You collected 835 gold pieces.

Inventory:

Hand Weapons
 s - a +4 dagger
Armour
 a - a +0 robe (worn)
 e - a +0 pair of gloves (worn)
 n - a +0 pair of boots (worn)
 v - a +1 buckler (worn)
 y - a +1 cloak of invisibility (worn)
Magical Staves
 I - an uncursed staff of fire (weapon)
Jewellery
 C - a ring of fire (right hand)
 D - an uncursed ring of protection from fire
 F - an uncursed ring of flight
 U - a ring of protection from magic (left hand)
Wands
 w - a wand of flame (1)
 H - a wand of disintegration (18)
 K - a wand of acid (6)
 L - a wand of digging (1)
 M - a wand of scattershot (8)
 P - a wand of polymorph (13)
Scrolls
 b - a scroll of blinking
 f - a scroll of silence {unknown}
 j - a scroll of teleportation
 l - 2 scrolls of enchant armour
 m - 3 scrolls of remove curse
 q - 3 scrolls of magic mapping {unknown}
 u - a scroll of fear
 A - 3 scrolls of amnesia
 E - a scroll of summoning {unknown}
 G - a scroll of enchant weapon {unknown}
 J - 6 scrolls of vulnerability {unknown}
 N - 2 scrolls of fog {unknown}
 O - a scroll of noise {unknown}
 Q - 2 scrolls of identify
Potions
 d - a potion of invisibility
 g - 4 potions of flight
 h - 4 potions of mutation
 i - 2 potions of lignification
 k - 2 potions of ambrosia
 o - 6 potions of might
 p - 5 potions of curing
 r - 2 potions of cancellation
 t - 3 potions of resistance
 x - 2 potions of magic
 z - 3 potions of haste
 B - a potion of brilliance
 R - a potion of berserk rage
 S - a potion of agility
Comestibles
 c - 25 rations


   Skills:
 + Level 1.0 Fighting
 - Level 1.8 Short Blades
 + Level 4.8 Dodging
 + Level 5.4 Stealth
 + Level 6.4 Shields
 + Level 16.4 Spellcasting
 + Level 11.8 Conjurations
 + Level 12.8 Fire Magic


You had 21 spell levels left.
You knew the following spells:

 Your Spells              Type           Power        Failure   Level  Hunger
a - Flame Tongue          Conj/Fire      #####        0%          1    None
b - Throw Flame           Conj/Fire      ######       0%          2    None
c - Conjure Flame         Conj/Fire      ########     1%          3    None
d - Sticky Flame          Conj/Fire      ########     1%          4    None
e - Fireball              Conj/Fire      ########..   1%          5    None
f - Iron Shot             Conj/Erth      ######....   9%          6    ####...
k - Blink                 Tloc           N/A          3%          2    None

Your spell library contained the following spells:

 Spells                   Type           Power        Failure   Level  Hunger
 Orb of Destruction       Conj           ######....   4%          7    #####..
 Magic Dart               Conj           ####         0%          1    None
 Sandblast                Erth           ###...       1%          1    None
 Inner Flame              Hex/Fire       #######.     1%          3    None
 Mephitic Cloud           Conj/Pois/Air  #####...     1%          3    None
 Stone Arrow              Conj/Erth      ######       1%          3    None
 Bolt of Magma            Conj/Fire/Erth #######...   1%          5    None
 Animate Skeleton         Necr           N/A          2%          1    None
 Apportation              Tloc           ###...       2%          1    None
 Confusing Touch          Hex            ###...       2%          1    None
 Pain                     Necr           ###.         2%          1    None
 Summon Small Mammal      Summ           ###.         2%          1    None
 Call Imp                 Summ           ###.....     3%          2    None
 Passwall                 Tmut/Erth      ###.....     3%          2    None
 Slow                     Hex            ###.....     3%          2    None
 Confuse                  Hex            ###.....     7%          3    None
 Gell's Gravitas          Tloc           ###.......   7%          3    None
 Regeneration             Chrm/Necr      ###.......   7%          3    None
 Vampiric Draining        Necr           ###.......   7%          3    None
 Lee's Rapid Deconstruct  Erth           ###.......   17%         5    None
 Yara's Violent Unravell  Hex/Tmut       ###.......   17%         5    None
 Animate Dead             Necr           N/A          24%         4    None
 Leda's Liquefaction      Hex/Erth       ###.......   24%         4    None
 Petrify                  Tmut/Erth      ###.....     24%         4    None
 Metabolic Englaciation   Hex/Ice        ###.......   54%         5    None
 Statue Form              Tmut/Erth      ###......    98%         6    ####...
 Shatter                  Erth           ###.......   100%        9    #######


Dungeon Overview and Level Annotations

Branches:
Dungeon (8/15)             Temple (1/1) D:4            Lair (6/6) D:8
  Swamp (0/4) Lair:2        Snake (0/4) Lair:2
  Slime: Lair:5-6

Altars:
Ashenzari
Kikubaaqudgha
Makhleb
Nemelex Xobeh
Qazlal
Ru
Sif Muna
Vehumet
Xom
Zin

Shops:
D:4 :   D:7 *

Annotations:
D:8 2 runed translucent doors


Message History

Press: ? - help, Shift-Dir - straight line, f/p - blink frog
Aim: a blink frog (lightly wounded)
You feel a strong surge of power!
The sticky flame hits the blink frog.
The blink frog is lightly wounded.
The blink frog is covered in liquid flames!
The komodo dragon hisses angrily.
The blink frog burns!
The blink frog blinks!
The blink frog burns!
The blink frog burns!
The blink frog hits you.
* * * LOW HITPOINT WARNING * * *
The blink frog burns!
Casting: Sticky Flame (safe; 1% risk of failure)
Confirm with . or Enter, or press ? or * to list all spells.
Aiming: Flame Tongue (safe; 0% risk of failure)
Press: ? - help, Shift-Dir - straight line, f/p - blink frog
Aim: a blink frog (severely wounded, covered in liquid flames)
You feel a strong surge of power!
The flame tongue hits the blink frog.
The blink frog is almost dead.
The blink frog burns!
The blink frog hits you!
You die...

. #.......#♣ ##...#.#..
#....#... ##.......#
#.##......# #......#.##
###......#.# #....#....#.
..####@.....P....
.......F...##.....
..P.........# Y..
..P......l.## F..
....P........
.........P....
.........P....P.P?.......
........#..PPPPPP........
.......P# .P..PPPPP.P....


You could see a komodo dragon and a blink frog (burning).

Vanquished Creatures
  5 hydras
  A tengu warrior (D:8)
  4 death yaks (Lair:5)
  An oklob plant (Lair:3)
  A black mamba (Lair:5)
  5 elephants
  8 spiny frogs
  A rime drake (Lair:3)
  10 komodo dragons
  A tyrant leech (Lair:2)
  A hornet (D:8)
  A polar bear (Lair:5)
  5 blink frogs
  7 dream sheep
  Sigmund (D:4)
  2 hippogriffs
  2 wyverns (D:8)
  43 yaks
  3 basilisks
  2 hungry ghosts (D:7)
  9 water moccasins
  An acid dragon (D:6)
  2 swamp worms (Lair:2)
  10 porcupines
  Purgy (Sewer)
  A sky beast (D:5)
  A necrophage (D:7)
  An ogre (D:6)
  2 centaurs (D:8)
  6 wolves (Lair:4)
  10 crocodiles
  2 big kobolds (D:6)
  9 bullfrogs
  A wyvern zombie (D:7)
  2 scorpions
  8 wights
  4 howler monkeys
  3 crimson imps
  A quasit (D:8)
  Crazy Yiuf (D:3)
  2 bullfrog zombies
  2 hounds
  2 bullfrog skeletons
  4 orc priests
  A gnoll shaman (D:5)
  3 iguanas
  7 orc wizards
  7 worker ants
  A hound skeleton (D:5)
  Robin (D:2)
  7 gnolls
  6 adders
  A shadow imp (D:6)
  3 oozes
  An adder zombie (D:7)
  2 adder skeletons
  5 worms
  2 dart slugs (D:2)
  2 leopard geckos
  33 orcs
  12 bats
  17 giant cockroaches
  12 goblins
  8 hobgoblins
  5 quokkas
  A ball python (D:3)
  3 frilled lizards
  A jackal zombie (D:7)
  17 kobolds
  A leopard gecko skeleton (D:4)
  5 rats
353 creatures vanquished.

Vanquished Creatures (others)
  4 bushes
  6 fungi
  13 plants
23 creatures vanquished.

Grand Total: 376 creatures vanquished

Notes
Turn   | Place    | Note
-------+----------+-------------------------------------------
     0 | D:1      | nikopol the Deep Elf Fire Elementalist began the quest for
                  | the Orb.
     0 | D:1      | Reached XP level 1. HP: 10/10 MP: 6/6
   272 | D:1      | Reached XP level 2. HP: 15/15 MP: 4/8
   819 | D:1      | Reached XP level 3. HP: 19/19 MP: 5/9
   823 | D:1      | Learned a level 2 spell: Throw Flame
   827 | D:1      | Learned a level 3 spell: Conjure Flame
  1402 | D:2      | Found a sacrificial altar of Ru.
  1453 | D:2      | Noticed Robin
  1454 | D:2      | Reached XP level 4. HP: 24/24 MP: 9/11
  1468 | D:2      | Killed Robin
  2114 | D:3      | Found a shattered altar of Ashenzari.
  2146 | D:3      | Reached skill level 4 in Spellcasting
  2150 | D:3      | Reached XP level 5. HP: 28/28 MP: 3/13
  2156 | D:3      | Learned a level 4 spell: Sticky Flame
  2454 | D:3      | Found a burning altar of Makhleb.
  2454 | D:3      | Found a radiant altar of Vehumet.
  2459 | D:3      | Reached skill level 5 in Fire Magic
  2464 | D:3      | Became a worshipper of Vehumet
  2562 | D:3      | Found a runed translucent door.
  2563 | D:3      | Noticed Crazy Yiuf
  2948 | D:3      | Killed Crazy Yiuf
  2948 | D:3      | Reached XP level 6. HP: 32/32 MP: 6/15
  3084 | D:4      | Upgraded the game from 0.24-a0-445-gd5110b030a to
                  | 0.24-a0-446-g87df7205b4
  3094 | D:4      | Reached skill level 5 in Spellcasting
  3284 | D:4      | Found a staircase to the Ecumenical Temple.
  3316 | Temple   | Entered the Ecumenical Temple
  3406 | D:4      | Reached skill level 1 in Shields
  3775 | D:4      | Found a sparkling altar of Nemelex Xobeh.
  3907 | D:4      | Found Gezygayc's Book Shop.
  3917 | D:4      | Noticed Sigmund
  4094 | D:3      | Learned a level 5 spell: Fireball
  4110 | D:4      | Killed Sigmund
  4110 | D:4      | Reached XP level 7. HP: 29/36 MP: 8/17
  4217 | D:5      | Entered Level 5 of the Dungeon
  4228 | D:5      | Found a glowing drain.
  4280 | D:5      | Reached * piety under Vehumet
  4280 | D:5      | Offered knowledge of Sandblast by Vehumet.
  4280 | D:5      | Reached skill level 6 in Spellcasting
  4292 | Sewer    | Entered a sewer
  4349 | Sewer    | Noticed Purgy
  4361 | Sewer    | Killed Purgy
  5096 | D:5      | Reached skill level 5 in Conjurations
  5397 | D:6      | Reached XP level 8. HP: 41/41 MP: 11/20
  5622 | D:6      | Offered knowledge of Shock by Vehumet.
  5623 | D:6      | Reached ** piety under Vehumet
  5825 | D:6      | Reached skill level 7 in Spellcasting
  5903 | D:6      | Reached skill level 1 in Short Blades
  6574 | D:6      | Offered knowledge of Ignite Poison by Vehumet.
  6796 | D:7      | Reached skill level 8 in Spellcasting
  6978 | D:7      | Reached XP level 9. HP: 45/45 MP: 6/23
  7078 | D:7      | Learned a level 2 spell: Blink
  7407 | D:7      | Found Zin's Purification Station.
  7407 | D:7      | Found a glowing silver altar of Zin.
  7690 | D:7      | Reached *** piety under Vehumet
  8082 | D:8      | Reached skill level 9 in Spellcasting
  8396 | D:8      | Found a staircase to the Lair.
  8687 | D:8      | Offered knowledge of Stone Arrow by Vehumet.
  8692 | D:8      | Found a stormy altar of Qazlal.
  8762 | D:8      | Found a runed translucent door.
  8826 | D:8      | Reached skill level 10 in Spellcasting
  9136 | D:8      | Found a deep blue altar of Sif Muna.
  9184 | D:8      | Noticed a tengu warrior
  9195 | D:8      | Noticed a kobold demonologist
  9237 | D:8      | Killed a tengu warrior
  9237 | D:8      | Reached XP level 10. HP: 40/50 MP: 6/26
  9435 | D:8      | Learned a level 6 spell: Iron Shot
  9507 | D:8      | Found a runed translucent door.
  9507 | D:8      | Found a runed translucent door.
  9598 | D:8      | Found an ancient bone altar of Kikubaaqudgha.
  9599 | D:8      | Found a shimmering altar of Xom.
  9761 | Lair:1   | Entered Level 1 of the Lair of Beasts
  9764 | Lair:1   | Reached skill level 5 in Shields
  9794 | Lair:1   | Reached **** piety under Vehumet
  9916 | Lair:1   | Reached skill level 11 in Spellcasting
 10026 | Lair:1   | Noticed a spiny frog
 10032 | Lair:1   | Killed a spiny frog
 10032 | Lair:1   | Reached skill level 5 in Stealth
 10128 | Lair:1   | Noticed a spiny frog
 10132 | Lair:1   | Killed a spiny frog
 10313 | Lair:1   | Offered knowledge of Venom Bolt by Vehumet.
 10313 | Lair:1   | Reached XP level 11. HP: 54/54 MP: 21/28
 10492 | Lair:1   | Reached skill level 12 in Spellcasting
 10519 | Lair:1   | Reached skill level 10 in Fire Magic
 11228 | Lair:2   | Found a staircase to the Snake Pit.
 11563 | Lair:2   | Noticed a six-headed hydra
 11566 | Lair:2   | Killed a six-headed hydra
 11647 | Lair:2   | Noticed a six-headed hydra
 12346 | Lair:2   | Killed a six-headed hydra
 12346 | Lair:2   | Reached skill level 13 in Spellcasting
 12447 | Lair:2   | Found a staircase to the Swamp.
 12497 | Lair:3   | Reached skill level 10 in Conjurations
 12687 | Lair:3   | Reached ***** piety under Vehumet
 12922 | Lair:3   | Offered knowledge of Orb of Destruction by Vehumet.
 12922 | Lair:3   | Reached XP level 12. HP: 60/60 MP: 23/31
 13182 | Lair:3   | Reached skill level 14 in Spellcasting
 13707 | Lair:4   | Noticed a five-headed hydra
 13710 | Lair:4   | Killed a five-headed hydra
 15045 | Lair:5   | Reached skill level 15 in Spellcasting
 15169 | Lair:5   | Noticed an eight-headed hydra
 15171 | Lair:5   | Killed an eight-headed hydra
 15697 | Lair:5   | Noticed a seven-headed hydra
 15704 | Lair:5   | Killed a seven-headed hydra
 15966 | Lair:5   | Noticed a death yak
 15966 | Lair:5   | Noticed a death yak
 15966 | Lair:5   | Noticed a death yak
 15968 | Lair:5   | Noticed a death yak
 15969 | Lair:5   | Killed a death yak
 15969 | Lair:5   | Killed a death yak
 15969 | Lair:5   | Reached XP level 13. HP: 64/64 MP: 18/34
 15984 | Lair:5   | Reached skill level 16 in Spellcasting
 16410 | Lair:6   | Entered Level 6 of the Lair of Beasts
 16799 | Lair:6   | Reached skill level 1 in Fighting
 16814 | Lair:6   | HP: 3/64 [blink frog (2)]
 16816 | Lair:6   | Mangled by a blink frog

Levels and vault maps discovered:
D:1:      dpeg_cavernosity, layout_basic
D:2:      layout_basic, nicolae_ru_path_of_blood, first_ration, uniq_robin
D:3:      layout_basic, grunt_temple_overflow_lords_of_destruction,
          overflow_temple_1_default, st_stairs_12, uniq_crazy_yiuf_cottage
D:4:      layout_cave_pools, nemelex_xobeh_ov_fountains_minmay,
          minmay_temple_entry_offerings, serial_shops, shop, uniq_sigmund
D:5:      layout_layer_cave, gup_sewer_entry_glass
D:6:      layout_cave_pods
D:7:      layout_basic, zin_purify
D:8:      minmay_the_grid_four_pointed_star
          [minmay_the_grid_triangle_9x9_minimal,
          minmay_the_grid_triangle_9x9_steps,
          minmay_the_grid_triangle_9x9_subtriangle,
          minmay_the_grid_triangle_9x9_tough_junction,
          minmay_the_grid_prize_trominoes], layout_loops_cross,
          marbit_many_paths, kennysheep_mini, gammafunk_temple_overflow_wave
Temple:   minmay_temple_curvy_loop
Lair:1:   layout_chaotic_city, beast_lair_carwin_6
Lair:2:   layout_gridlike, palyth_hydra_swamp_entry, lemuel_fruit_fields
Lair:3:   layout_hall_layers, grunt_megastairs_5
Lair:4:   layout_cave_pods
Lair:5:   cheibrodos_lair_river_kwai, layout_cave_pods, st_stairs_11,
          beast_lair_carwin_3
Lair:6:   grunt_lair_end_beastmaster, layout_misc_corridors, slime_dummy,
          serial_forest, infiniplex_forest_join, infiniplex_forest_zigzag_2,
          infiniplex_forest_fountain, infiniplex_forest_clump_curved,
          infiniplex_forest_straight_1, infiniplex_forest_end_3,
          infiniplex_forest_clump_long, infiniplex_forest_clump_tiny,
          infiniplex_forest_lined_room_2

Skill      XL: |  1  2  3  4  5  6  7  8  9 10 11 12 13 |
---------------+----------------------------------------+-----
Fire Magic     | 4 5 6 7 8 9 11 12 | 12.8
Conjurations   | 2 3 4 5 6 7 8 10 11 | 11.8
Stealth        | 3 4 5 |  5.4
Spellcasting   | 4 5 6 8 10 11 13 15 16 | 16.4
Shields        | 1 2 3 4 6 |  6.4
Dodging        | 3 4 |  4.8
Short Blades   | 1 |  1.8
Fighting       | 1 |  1.0

Action                   |  1- 3 |  4- 6 |  7- 9 | 10-12 | 13-15 || total
-------------------------+-------+-------+-------+-------+-------++-------
Melee: Unarmed           |       |     1 |       |       |       ||     1
       Dagger            |       |    18 |    65 |       |       ||    83
 Cast: Flame Tongue      |    63 |   104 |   222 |   147 |     9 ||   545
       Conjure Flame     |       |     2 |     7 |       |     1 ||    10
       Throw Flame       |       |    12 |     4 |    11 |       ||    27
       Sticky Flame      |       |       |    30 |    36 |     8 ||    74
       Fireball          |       |       |    15 |   104 |    17 ||   136
Evoke: Wand              |       |       |       |       |     4 ||     4
  Use: Scroll            |       |       |    15 |    11 |     5 ||    31
 Stab: Sleeping          |       |     1 |       |       |       ||     1
  Eat: Chunk             |     1 |     8 |    17 |    22 |     3 ||    51
       Ration            |       |       |     1 |     1 |       ||     2
Armor: Robe              |     4 |     5 |    29 |     2 |     4 ||    44
Dodge: Dodged            |    15 |    17 |    59 |    28 |     8 ||   127
Block: Buckler           |       |     2 |    27 |    15 |     5 ||    49

Table legend:
 A = Non-vault XP
 B = Vault XP
 C = Vault XP percentage of total XP
 D = Non-vault monster count
 E = Vault monster count
 F = Vault count percentage of total count
                 A         B        C        D         E       F
            +---------+---------+-------+---------+---------+-------
      Total |   32334 |   11836 |  26.8 |     293 |      60 |  17.0
            +---------+---------+-------+---------+---------+-------
        D:1 |      37 |       6 |  14.0 |      20 |       4 |  16.7
        D:2 |      74 |      27 |  26.7 |      22 |       7 |  24.1
        D:3 |     193 |      95 |  33.0 |      23 |       3 |  11.5
        D:4 |     177 |     238 |  57.3 |      12 |       1 |   7.7
        D:5 |     370 |      19 |   4.9 |      15 |       4 |  21.1
        D:6 |    1038 |       0 |   0.0 |      43 |       0 |   0.0
        D:7 |    1363 |       0 |   0.0 |      22 |       0 |   0.0
        D:8 |    1084 |    1428 |  56.8 |      23 |       6 |  20.7
     Lair:1 |    6323 |    2097 |  24.9 |      32 |       7 |  17.9
     Lair:2 |     786 |    2595 |  76.8 |       6 |       6 |  50.0
     Lair:3 |    5932 |     553 |   8.5 |      32 |       3 |   8.6
     Lair:4 |    4309 |       0 |   0.0 |      16 |       0 |   0.0
     Lair:5 |    7071 |    4631 |  39.6 |      16 |      13 |  44.8
     Lair:6 |    3577 |       0 |   0.0 |      11 |       0 |   0.0
      Sewer |       0 |     147 | 100.0 |       0 |       6 | 100.0
            +---------+---------+-------+---------+---------+-------
